Map: Void Training Stage 1

Players

Erfeyah

  • Race: Terran Terran
  • Spawn Location: 11:00

Player 2 - Winner!

  • Race: Zerg Zerg
  • Spawn Location: 5:00

VOD

Have the link to the VOD?

Description

Time

  • Played on: Nov. 13, 2017, 4:37 p.m.
  • Length: 8:04
Show
View Real Time Build Order
Export as new Build Order

Erfeyah Terran 

Build Orders:  

Get SALT Encoding   

  12  0:07  SCV  
  13  0:19  SCV  
  14  0:31  SCV  
  15  0:36  Supply Depot  
  15  0:58  SCV  
  15  1:00  Supply Depot  
  15  1:02  Supply Depot  
  16  1:10  SCV  
  17  1:22  SCV  
  18  1:27  Barracks  
  18  1:34  SCV  
  19  1:46  SCV  
  20  1:49  Refinery  
  20  1:59  Refinery  
  20  2:25  Orbital Command  
  20  2:49  Command Center  
  20  3:08  Marine  
  21  3:26  Marine  
  22  3:44  Marine  
  23  4:01  Marine  
  24  4:03  SCV  
  25  4:15  SCV  
  26  4:19  Marine  
  27  4:25  Barracks  
  27  4:27  SCV, Barracks  
  28  4:37  Marine  
  29  4:39  SCV  
  30  4:51  SCV  
  31  4:55  Marine  
  32  5:03  SCV  
  33  5:13  Marine  
  34  5:15  SCV  
Show
View Real Time Build Order
Export as new Build Order

Player 2 Zerg - Winner!

Build Orders: Hatch First 

Get SALT Encoding   

  12  0:00  Drone  
  13  0:12  Overlord  
  13  0:17  Drone  
  14  0:45  Hatchery  
  14  0:46  Drone  
  14  1:04  Spawning Pool  
  13  1:06  Drone  
  13  1:10  Extractor  
  13  1:13  Drone  
  14  1:21  Overlord  
  14  1:51  Zergling x2, Queen  
  14  1:53  Zergling x2  
  18  1:59  Roach Warren  
  18  2:00  Extractor  
  16  2:05  Drone  
  17  2:13  Drone  
  18  2:18  Zergling x2  
  19  2:23  Drone  
  20  2:30  Drone  
  21  2:37  Drone  
  22  2:45  Drone  
  23  2:52  Drone  
  24  2:59  Drone  
  25  3:05  Lair  
  25  3:10  Drone  
  26  3:38  Drone  
  27  3:45  Drone  
  27  3:48  Overlord  
  28  3:52  Drone  
  29  3:59  Drone  
  30  4:07  Drone  
  31  4:11  Overseer  
  31  4:13  Overseer  
  31  4:14  Drone  
  32  4:21  Drone  
  33  4:25  Overlord  
  33  4:28  Drone  
  34  4:35  Drone  
  35  4:43  Drone  
  36  4:50  Drone  
  37  4:54  Extractor  
  37  4:57  Drone  
  37  5:04  Drone  
  38  5:11  Drone  
  38  5:12  Extractor  
  38  5:18  Drone  
  39  5:25  Drone  
  40  5:33  Drone  
  40  5:34  Overlord  
  41  5:40  Drone  
  42  5:47  Drone  
  43  5:54  Drone  
  44  6:02  Drone  
  45  6:10  Overseer  
  45  6:11  Overlord  
Tags
 
Add a new tag
Caveats
  • Supply blocks, unpowered buildings, or Contaminate may cause inaccurate times.
  • Supply counts are checked every 10 seconds.